 Dungeon Crawl Stone Soup version 0.26-a0-778-g3fe0686644 (webtiles) character file.

Game seed: 8182620813736013106

22862 frankcastle the Cruncher (level 13, -4/103 HPs)
             Began as a Gnoll Wanderer on Nov 9, 2020.
             Was a High Priest of Nemelex Xobeh.
             Slain by a death yak (12 damage)
             ... on level 2 of the Lair of Beasts.
             The game lasted 00:37:28 (17552 turns).

frankcastle the Cruncher (Gnoll Wanderer)          Turns: 17552, Time: 00:37:29

Health: -4/103     AC: 18    Str: 17    XL:     13   Next: 3%
Magic:  24/24      EV: 16    Int: 16    God:    Nemelex Xobeh [*****.]
Gold:   1046       SH:  6    Dex: 16    Spells: 20/27 levels left

rFire    . . .     SeeInvis .   o - +2 short sword (elec)
rCold    . . .     Faith    .   f - +0 buckler
rNeg     . . .     Spirit   .   i - +0 ring mail
rPois    .         Reflect  .   k - +0 helmet
rElec    .         Harm     .   (no cloak)
rCorr    .         Rampage  .   e - +0 pair of gloves
MR       .....                  t - +0 pair of boots
Stlth    ++++......             (no amulet)
HPRegen  0.27/turn              m - +4 ring of protection
MPRegen  0.19/turn              B - +4 ring of protection

@: studying 2 skills
A: distributed training, fangs 1, strong nose
a: Draw Escape, Draw Destruction, Draw Summoning, Triple Draw, Deal Four, Stack
Five, Renounce Religion


You were on level 2 of the Lair of Beasts.
You worshipped Nemelex Xobeh.
Nemelex Xobeh was extremely pleased with you.
You visited 2 branches of the dungeon, and saw 15 of its levels.

You collected 1046 gold pieces.

Inventory:

Hand Weapons
 a - a +2 quarterstaff
 b - a +0 short sword
 o - a +2 short sword of electrocution (weapon)
 w - a +5 eveningstar
Missiles
 I - 4 javelins (quivered)
Armour
 e - a +0 pair of gloves (worn)
 f - a +0 buckler (worn)
 i - a +0 ring mail (worn)
 k - a +0 helmet (worn)
 t - a +0 pair of boots (worn)
Jewellery
 m - a +4 ring of protection (left hand)
 n - a +6 ring of dexterity
 v - an uncursed ring of poison resistance
 y - an uncursed ring of positive energy
 B - a +4 ring of protection (right hand)
 M - an uncursed ring of protection from magic
Wands
 d - a wand of paralysis (22)
 x - a wand of flame (22)
 J - a wand of polymorph (11)
 L - a wand of random effects (20)
 O - a wand of acid (9)
Scrolls
 c - 4 scrolls of teleportation
 g - a scroll of enchant weapon
 j - 2 scrolls of enchant armour
 l - 10 scrolls of remove curse
 r - a scroll of noise
 s - 2 scrolls of magic mapping
 D - a scroll of holy word {unknown}
 H - a scroll of immolation
Potions
 h - 2 potions of attraction
 p - 5 potions of curing
 q - 3 potions of lignification
 u - 7 potions of ambrosia
 z - a potion of degeneration
 A - 2 potions of cancellation
 G - a potion of magic
 K - 2 potions of invisibility
 N - a potion of haste {unknown}
Books
 C - a manual of Long Blades
 F - a manual of Stealth


   Skills:
 + Level 10.2 Fighting
 + Level 7.8 Short Blades
 + Level 9.9 Long Blades
 + Level 7.8 Axes
 + Level 7.8 Maces & Flails
 + Level 7.8 Polearms
 + Level 11.4 Staves
 + Level 7.8 Slings
 + Level 7.8 Bows
 + Level 7.8 Crossbows
 + Level 7.8 Throwing
 + Level 7.8 Armour
 + Level 7.8 Dodging
 + Level 10.4 Stealth
 + Level 8.3 Shields
 + Level 7.8 Unarmed Combat
 + Level 7.8 Spellcasting
 + Level 6.5 Conjurations
 + Level 6.5 Hexes
 + Level 6.5 Summonings
 + Level 6.5 Necromancy
 + Level 6.5 Translocations
 + Level 6.5 Transmutations
 + Level 6.5 Fire Magic
 + Level 6.5 Ice Magic
 + Level 6.5 Air Magic
 + Level 6.5 Earth Magic
 + Level 6.5 Poison Magic
 + Level 8.6 Invocations
 + Level 8.3 Evocations


You had 20 spell levels left.
You knew the following spells:

 Your Spells              Type           Power        Failure   Level
a - Mephitic Cloud        Conj/Pois/Air  ####....     3%          3
b - Petrify               Tmut/Erth      ####....     13%         4

Your spell library contained the following spells:

 Spells                   Type           Power        Failure   Level
 Animate Skeleton         Necr           ####..       1%          1
 Apportation              Tloc           ####..       1%          1
 Corona                   Hex            ####...      1%          1
 Magic Dart               Conj           ####         1%          1
 Summon Small Mammal      Summ           ####         1%          1
 Blink                    Tloc           N/A          1%          2
 Call Imp                 Summ           ####....     1%          2
 Poisonous Vapours        Pois/Air       ####..       1%          2
 Slow                     Hex            ####....     1%          2
 Confusing Touch          Hex            ####....     3%          3
 Conjure Flame            Conj/Fire      ####....     3%          3
 Gell's Gravitas          Tloc           ####......   3%          3
 Lesser Beckoning         Tloc           ####......   3%          3
 Tukima's Dance           Hex            ####....     3%          3
 Alistair's Intoxication  Tmut/Pois      ####.....    34%         5
 Metabolic Englaciation   Hex/Ice        ####......   34%         5
 Yara's Violent Unravell  Hex/Tmut       ####......   34%         5
 Freezing Cloud           Conj/Ice/Air   ####......   89%         6
 Invisibility             Hex            ####....     89%         6


Dungeon Overview and Level Annotations

Branches:
Dungeon (11/15)            Temple (0/1) D:4            Lair (4/6) D:11
  Swamp (0/4) Lair:2          Orc (0/2) D:10
  Snake: Lair:2-4    Spider: Lair:2-4

Altars:
Elyvilon
Gozag
Nemelex Xobeh
Okawaru
Uskayaw
Xom
Yredelemnul
Zin

Shops:
D:9 !   D:11 [

Annotations:
Lair:2 exclusion: 3 oklob plants


Innate Abilities, Weirdness & Mutations

Your experience applies equally to all skills.
You have very sharp teeth.
Your uncanny sense of smell can sniff out nearby items.


Message History

The death yak is blasted with fire.
The death yak has an odd expression for a moment!
The death yak is poisoned.
You feel a surge of magic.
The death yak gores you but does no damage.
Unknown command.
You draw a card...
You have drawn the Tomb.
Walls emerge from the floor!
The death yak barely misses you.
The death yak gores you but does no damage.
The death yak gores you!!
The walls disappear prematurely!
The death yak completely misses you. The death yak gores you!!
You block the death yak's attack.
Okay, then.
You draw a card...
You have drawn Exile.
The death yak looks more healthy.
The death yak gores you!!
* * * LOW HITPOINT WARNING * * *
The death yak gores you!
* * * LOW HITPOINT WARNING * * *
The death yak gores you!
You die...
Your body glows with a rainbow of weird colours and disappears.

.........,,,**#..*###...*
#.......**..# #..##P...#*
#..#.....P..###>.......##
#...#.......##..........#
...###.......*#........##
...##.......#*#........P#
...###..##..###.........#
#...##)..#..........<...#
#.......#......Y@......##
#..............YY......##
#..P#....#..............#
#.(.##..#..............##
...P##.......†.........#
#..###...#.............##
P..P##..#...............#
.......................P#
.......................##


You could see 3 death yaks.

Vanquished Creatures
  3 hydras
  A two-headed ogre (D:11)
  A death knight (D:11)
  A death yak (Lair:1)
  Urug (D:10)
  An unseen horror (D:9)
  Pikel (D:9)
  A cyclops (D:11)
  A black mamba (Lair:1)
  2 cane toads (Lair:2)
  3 komodo dragons
  6 trolls
  4 blink frogs
  4 slime creatures
  2 meliai zombies
  2 vampires (D:10)
  4 wyverns (D:11)
  26 yaks
  A steam dragon (D:11)
  Eustachio (D:4)
  9 water moccasins
  2 orc warriors
  2 ice beasts
  2 sky beasts
  6 black bears
  An eye of draining (D:11)
  5 ogres
  A wolf (Lair:4)
  2 phantoms
  2 centaurs (D:8)
  A lemure (D:9)
  8 bullfrogs
  A wyvern zombie (D:8)
  5 scorpions
  15 killer bees
  4 wights (D:8)
  4 jellies
  8 orc priests
  3 hounds
  10 orc wizards
  2 bullfrog skeletons
  An iguana (D:6)
  Jessica (D:2)
  7 worker ants
  A hound zombie (D:9)
  Robin (D:2)
  16 adders
  6 gnolls
  2 shadow imps
  5 white imps
  2 ufetubi
  An adder zombie (D:9)
  3 adder skeletons
  A worm (D:4)
  2 dart slugs
  5 leopard geckos
  19 orcs
  3 giant cockroaches
  19 goblins
  3 hobgoblins
  3 jackals (D:2)
  5 kobolds
  5 quokkas
  A ball python (D:3)
  3 bats (D:1)
  4 frilled lizards
  A leopard gecko skeleton (D:5)
  6 rats
  A bush (D:11)
286 creatures vanquished.

Vanquished Creatures (collateral kills)
  2 death yaks (Lair:2)
  A queen bee (D:11)
  A blink frog (Lair:2)
  An orc warrior (D:11)
  A sky beast (D:7)
  15 killer bees (D:11)
  A centaur zombie (D:7)
  2 orc wizards (D:7)
  An orc (D:7)
25 creatures vanquished.

Vanquished Creatures (others)
  12 fungi
  31 plants
43 creatures vanquished.

Grand Total: 354 creatures vanquished

Notes
Turn   | Place    | Note
-------+----------+-------------------------------------------
     0 | D:1      | frankcastle the Gnoll Wanderer began the quest for the Orb.
     0 | D:1      | frankcastle set off with the following items: a +2
                  | quarterstaff, a +0 short sword, a scroll of teleportation,
                  | a +0 robe
     0 | D:1      | Reached XP level 1. HP: 23/23 MP: 1/1
   168 | D:1      | Reached XP level 2. HP: 26/29 MP: 2/2
   482 | D:2      | Reached XP level 3. HP: 35/35 MP: 2/4
   556 | D:2      | Noticed Robin
   575 | D:2      | Reached skill level 1 in Invocations
  1234 | D:2      | Reached skill level 1 in Short Blades
  1234 | D:2      | Reached skill level 1 in Long Blades
  1234 | D:2      | Reached skill level 1 in Axes
  1234 | D:2      | Reached skill level 1 in Maces & Flails
  1234 | D:2      | Reached skill level 1 in Polearms
  1234 | D:2      | Reached skill level 1 in Slings
  1234 | D:2      | Reached skill level 1 in Bows
  1234 | D:2      | Reached skill level 1 in Crossbows
  1234 | D:2      | Reached skill level 1 in Throwing
  1234 | D:2      | Reached skill level 1 in Armour
  1234 | D:2      | Reached skill level 1 in Dodging
  1234 | D:2      | Reached skill level 1 in Unarmed Combat
  1234 | D:2      | Reached skill level 1 in Spellcasting
  1238 | D:2      | Killed Robin
  1238 | D:2      | Reached XP level 4. HP: 41/41 MP: 5/5
  1643 | D:2      | Noticed Jessica
  1652 | D:2      | Killed Jessica
  1652 | D:2      | Reached skill level 1 in Conjurations
  1652 | D:2      | Reached skill level 1 in Hexes
  1652 | D:2      | Reached skill level 1 in Summonings
  1652 | D:2      | Reached skill level 1 in Necromancy
  1652 | D:2      | Reached skill level 1 in Translocations
  1652 | D:2      | Reached skill level 1 in Transmutations
  1652 | D:2      | Reached skill level 1 in Fire Magic
  1652 | D:2      | Reached skill level 1 in Ice Magic
  1652 | D:2      | Reached skill level 1 in Air Magic
  1652 | D:2      | Reached skill level 1 in Earth Magic
  1652 | D:2      | Reached skill level 1 in Poison Magic
  2041 | D:3      | Reached XP level 5. HP: 31/47 MP: 5/7
  2747 | D:3      | Found a faded altar of an unknown god.
  2818 | D:3      | Became a worshipper of Nemelex Xobeh the Trickster
  2818 | D:3      | Reached * piety under Nemelex Xobeh
  2965 | D:3      | Found an opulent altar of Gozag.
  3002 | D:4      | Reached XP level 6. HP: 52/53 MP: 8/8
  3033 | D:4      | Received a gift from Nemelex Xobeh
  3238 | D:4      | Found a staircase to the Ecumenical Temple.
  3367 | D:4      | Noticed Eustachio
  3377 | D:4      | Killed Eustachio
  3610 | D:5      | Entered Level 5 of the Dungeon
  3710 | D:5      | Reached XP level 7. HP: 52/59 MP: 10/10
  3942 | D:5      | Reached skill level 9 in Staves
  4012 | D:5      | Reached ** piety under Nemelex Xobeh
  4186 | D:5      | Reached XP level 8. HP: 48/67 MP: 12/12
  5057 | D:6      | Found a shimmering altar of Xom.
  5390 | D:6      | Reached XP level 9. HP: 72/72 MP: 14/14
  5616 | D:7      | Found an iron altar of Okawaru.
  6015 | D:7      | Found a basalt altar of Yredelemnul.
  6125 | D:7      | Found a shimmering altar of Xom.
  6125 | D:7      | Found a white marble altar of Elyvilon.
  6243 | D:7      | Received a gift from Nemelex Xobeh
  6489 | D:8      | Reached skill level 5 in Shields
  6489 | D:8      | Reached skill level 5 in Evocations
  6638 | D:8      | Reached skill level 5 in Stealth
  7058 | D:8      | Reached *** piety under Nemelex Xobeh
  7464 | D:8      | Noticed a troll
  7471 | D:8      | Killed a troll
  7471 | D:8      | Reached skill level 5 in Invocations
  7500 | D:8      | Found a glowing silver altar of Zin.
  7500 | D:8      | Found a hide-covered altar of Uskayaw.
  7582 | D:9      | Found Hazobea's Distillery.
  7678 | D:9      | Learned a level 3 spell: Mephitic Cloud
  7897 | D:9      | Noticed a troll
  7907 | D:9      | Killed a troll
  7908 | D:9      | Reached XP level 10. HP: 79/80 MP: 15/17
  7984 | D:9      | Reached skill level 5 in Short Blades
  7984 | D:9      | Reached skill level 5 in Long Blades
  7984 | D:9      | Reached skill level 5 in Axes
  7984 | D:9      | Reached skill level 5 in Maces & Flails
  7984 | D:9      | Reached skill level 5 in Polearms
  7984 | D:9      | Reached skill level 5 in Slings
  7984 | D:9      | Reached skill level 5 in Bows
  7984 | D:9      | Reached skill level 5 in Crossbows
  7984 | D:9      | Reached skill level 5 in Throwing
  7984 | D:9      | Reached skill level 5 in Armour
  7984 | D:9      | Reached skill level 5 in Dodging
  7984 | D:9      | Reached skill level 5 in Unarmed Combat
  7984 | D:9      | Reached skill level 5 in Spellcasting
  8025 | D:9      | Killed an unseen horror
  8025 | D:9      | Reached skill level 10 in Staves
  8446 | D:9      | Noticed Pikel
  8474 | D:9      | Killed Pikel
  9043 | D:10     | Entered Level 10 of the Dungeon
  9787 | D:10     | Noticed Urug
  9810 | D:10     | Killed Urug
  9810 | D:10     | Reached XP level 11. HP: 45/87 MP: 17/19
 10227 | D:10     | Received a gift from Nemelex Xobeh
 10318 | D:10     | Reached skill level 5 in Conjurations
 10318 | D:10     | Reached skill level 5 in Hexes
 10318 | D:10     | Reached skill level 5 in Summonings
 10318 | D:10     | Reached skill level 5 in Necromancy
 10318 | D:10     | Reached skill level 5 in Translocations
 10318 | D:10     | Reached skill level 5 in Transmutations
 10318 | D:10     | Reached skill level 5 in Fire Magic
 10318 | D:10     | Reached skill level 5 in Ice Magic
 10318 | D:10     | Reached skill level 5 in Air Magic
 10318 | D:10     | Reached skill level 5 in Earth Magic
 10318 | D:10     | Reached skill level 5 in Poison Magic
 10472 | D:10     | Found a staircase to the Orcish Mines.
 10955 | D:10     | Reached **** piety under Nemelex Xobeh
 11211 | D:10     | Received a gift from Nemelex Xobeh
 11554 | D:11     | Found Hecuj's Antique Armour Emporium.
 11809 | D:11     | Found a staircase to the Lair.
 11829 | D:11     | Noticed a two-headed ogre
 11842 | D:11     | Killed a two-headed ogre
 13153 | D:11     | Reached XP level 12. HP: 73/96 MP: 22/22
 13613 | D:11     | Noticed a death knight
 13624 | D:11     | Killed a death knight
 13841 | Lair:1   | Entered Level 1 of the Lair of Beasts
 13984 | Lair:1   | Noticed a six-headed hydra
 13991 | Lair:1   | Killed a six-headed hydra
 14077 | Lair:1   | Reached skill level 11 in Staves
 15044 | Lair:1   | Reached ***** piety under Nemelex Xobeh
 15717 | Lair:1   | Learned a level 4 spell: Petrify
 15760 | Lair:2   | Noticed a death yak
 15761 | Lair:2   | Noticed a death yak
 15761 | Lair:2   | Noticed a death yak
 15761 | Lair:2   | Noticed a death yak
 15815 | Lair:1   | Killed a death yak
 16222 | Lair:2   | Reached skill level 10 in Fighting
 16222 | Lair:2   | Reached skill level 10 in Stealth
 16426 | Lair:2   | Received a gift from Nemelex Xobeh
 16538 | Lair:2   | You fall into a shaft and drop 2 floors!
 16613 | Lair:4   | Received a gift from Nemelex Xobeh
 16791 | Lair:2   | Noticed a four-headed hydra
 16797 | Lair:2   | Killed a four-headed hydra
 16898 | Lair:2   | Received a gift from Nemelex Xobeh
 17062 | Lair:2   | Noticed a six-headed hydra
 17068 | Lair:2   | Killed a six-headed hydra
 17070 | Lair:2   | Found a staircase to the Swamp.
 17520 | Lair:2   | Noticed a death yak
 17521 | Lair:2   | Noticed a death yak
 17525 | Lair:2   | Killed a death yak
 17525 | Lair:2   | Reached XP level 13. HP: 88/103 MP: 24/24
 17552 | Lair:2   | Slain by a death yak

Illustrated notes

Levels and vault maps discovered:
D:1:      minmay_arrival_stone_box, layout_basic
D:2:      layout_basic, serial_co_window_serial, co_window_paths_a,
          co_window_cross_1, co_window_corner_a, co_window_paths_b,
          co_window_paths_a, co_window_broadway_a, co_window_corner_cb,
          co_window_paths_c, co_window_cross_4, co_window_corner_cb,
          co_window_corner_cb, co_window_unsneaky_path_d, glass_columns_b,
          glass_columns_c, glass_columns_a, glass_columns_a, uniq_jessica,
          uniq_robin
D:3:      layout_basic, nicolae_overflow_hidden_temple,
          chequers_ecumenical_altar_simple, minmay_fractal_squares_diagonal_5
D:4:      layout_loops_cross, minmay_temple_entry_junction,
          palyth_stone_intersect, uniq_eustachio
D:5:      layout_basic, minmay_quadrilaterals
D:6:      layout_rooms, basic_altar
D:7:      layout_rooms, gammafunk_temple_overflow_pools,
          overflow_temple_1_default, okawaru_trees_2
D:8:      layout_rooms, gammafunk_temple_overflow_elements, minmay_manual_mares
D:9:      minmay_clustersquares, layout_basic, serial_shops,
          nicolae_shop_statue_plus, uniq_pikel
D:10:     layout_basic, orc_0_dummy, uniq_urug
D:11:     layout_gridville, minmay_lair_entry_grove, serial_shops,
          nicolae_shop_temple_entry_statues_fountains, special_room
          [special_room_bee]
Lair:1:   layout_cave_pods
Lair:2:   layout_long_grid, palyth_hydra_swamp_entry, minmay_lair_oklob_chamber
Lair:3:   layout_misc_corridors
Lair:4:   layout_big_grid, elwin_shoals_entry_rocks, st_stairs_11,
          chequers_serial_rivers_large_a, lemuel_fruit_fields

Skill      XL: |  1  2  3  4  5  6  7  8  9 10 11 12 |
---------------+-------------------------------------+-----
Invocations    | 1 2 3 4 5 6 7 8 |  8.6
Short Blades   | 1 2 3 4 5 6 7 |  7.8
Long Blades    | 1 2 3 4 6 8 9 |  9.9
Axes           | 1 2 3 4 5 6 7 |  7.8
Maces & Flails | 1 2 3 4 5 6 7 |  7.8
Polearms       | 1 2 3 4 5 6 7 |  7.8
Slings         | 1 2 3 4 5 6 7 |  7.8
Bows           | 1 2 3 4 5 6 7 |  7.8
Crossbows      | 1 2 3 4 5 6 7 |  7.8
Throwing       | 1 2 3 4 5 6 7 |  7.8
Armour         | 1 2 3 4 5 6 7 |  7.8
Dodging        | 1 2 3 4 5 6 7 |  7.8
Unarmed Combat | 1 2 3 4 5 6 7 |  7.8
Spellcasting   | 1 2 3 4 5 6 7 |  7.8
Conjurations   | 1 2 3 4 5 6 |  6.5
Hexes          | 1 2 3 4 5 6 |  6.5
Summonings     | 1 2 3 4 5 6 |  6.5
Necromancy     | 1 2 3 4 5 6 |  6.5
Translocations | 1 2 3 4 5 6 |  6.5
Transmutations | 1 2 3 4 5 6 |  6.5
Fire Magic     | 1 2 3 4 5 6 |  6.5
Ice Magic      | 1 2 3 4 5 6 |  6.5
Air Magic      | 1 2 3 4 5 6 |  6.5
Earth Magic    | 1 2 3 4 5 6 |  6.5
Poison Magic   | 1 2 3 4 5 6 |  6.5
Shields        | 3 4 5 6 7 8 |  8.3
Evocations     | 3 4 5 6 7 8 |  8.3
Stealth        | 3 4 5 7 9 10 | 10.4
Fighting       | 7 8 9 10 | 10.2
Staves         | 9 10 11 | 11.4

Action                   |  1- 3 |  4- 6 |  7- 9 | 10-12 | 13-15 || total
-------------------------+-------+-------+-------+-------+-------++-------
Melee: Quarterstaff      |    72 |    47 |       |       |       ||   119
       Bite              |     6 |    10 |    50 |   129 |     3 ||   198
       Short sword       |       |    72 |   311 |   798 |     4 ||  1185
 Cast: Mephitic Cloud    |       |       |       |     7 |       ||     7
       Petrify           |       |       |       |     2 |       ||     2
Invok: Draw Summoning    |       |       |     1 |     5 |       ||     6
       Draw Destruction  |       |       |       |    21 |     1 ||    22
       Draw Escape       |       |       |       |     3 |     2 ||     5
       Triple Draw       |       |       |       |     1 |       ||     1
Evoke: Wand              |       |       |    10 |    13 |       ||    23
  Use: Scroll            |     4 |     6 |     4 |     8 |       ||    22
       Potion            |       |       |       |    11 |       ||    11
 Stab: Sleeping          |     2 |     5 |     8 |     9 |       ||    24
       Distracted        |       |     1 |       |     2 |       ||     3
       Invisible         |       |       |       |     2 |       ||     2
       Confused          |       |       |       |     3 |       ||     3
       Paralysed         |       |       |       |     1 |       ||     1
Armor: Robe              |     5 |       |       |       |       ||     5
       Ring mail         |    26 |    54 |   101 |   210 |     4 ||   395
       Skin              |       |       |       |    25 |       ||    25
Dodge: Dodged            |    23 |    68 |   148 |   446 |     8 ||   693
Block: Buckler           |       |    17 |    62 |   247 |     2 ||   328

Table legend: (Time is in decaauts)
 A = Elapsed time spent in this place.
 B = Non-inter-level travel time spent in this place.
 C = Inter-level travel time spent in this place.
 D = Time resting spent in this place.
 E = Time spent auto-exploring this place.
 F = Levels seen in this place.
 G = Mean time per level.
                   A        B        C        D        E       F      G
               +--------+--------+--------+--------+--------+-----+--------+
         Total |  17342 |  16946 |    396 |   5141 |   9091 |  15 | 1156.1 |
       Dungeon |  13701 |  13320 |    381 |   3834 |   7340 |  11 | 1245.5 |
          Lair |   3640 |   3625 |     15 |   1307 |   1751 |   4 |  910.0 |
               +--------+--------+--------+--------+--------+-----+--------+

Top non-repeatable levels by time:
    D:10: 2217 daAuts
    D:11: 2150 daAuts
  Lair:1: 2141 daAuts
     D:9: 1673 daAuts
     D:2: 1658 daAuts
  Lair:2: 1382 daAuts
     D:5: 1358 daAuts
     D:8: 1328 daAuts
     D:3: 907 daAuts
     D:7: 796 daAuts
     D:4: 627 daAuts
     D:6: 581 daAuts
     D:1: 402 daAuts
  Lair:4: 80 daAuts
  Lair:3: 36 daAuts
